Calgary Flames vs Chicago Black Hawks (R1)

Created - Wednesday, December 3, 2025 at 09:10

Goals
1 2 3 T
Calgary Flames 0 2 3 5
Chicago Black Hawks 2 1 0 3
Shots
1 2 3 T
Calgary Flames 6 16 18 40
Chicago Black Hawks 11 16 13 40

1st period

1. Chicago Black Hawks , Leo Carlsson 3 (Brent Burns 2, Filip Gustavsson) at 2:49
2. Chicago Black Hawks , Brett Howden 5 (Morgan Frost 4, Zachary Werenski 7) at 6:15

Penalties :
Drew Doughty (CGY) for Diving (Minor) at 8:29, Drew Doughty (CGY) for Cross-checking (Minor) at 12:50, Ryan Lindgren (CHI) for Slashing (Minor) at 16:45

2nd period

3. Chicago Black Hawks , Oliver Bjorkstrand 4 (Leo Carlsson 7, Filip Gustavsson) at 3:17 (PP)
4. Calgary Flames , Cale Makar 1 (Nic Dowd 2, Ben Meyers 1) at 11:24
5. Calgary Flames , Chris Kreider 3 (Joel Eriksson Ek 5) at 12:27 (PP)

Penalties :
Angus Crookshank (CGY) for Boarding (Minor) at 0:26, Filip Hronek (CGY) for Holding (Minor) at 2:49, Matthew Tkachuk (CGY) for Hooking (Minor) at 3:46, Brent Burns (CHI) for Roughing (Minor) at 6:00, Ryan Lindgren (CHI) for Tripping (Minor) at 9:02, Shane Wright (CHI) for Tripping (Minor) at 12:26, Zach Hyman (CGY) for Roughing (Minor) at 19:42

3rd period

6. Calgary Flames , Zach Hyman 3 (Bo Horvat 7, Sebastian Aho 4) at 16:19
7. Calgary Flames , Sebastian Aho 7 (Chris Kreider 4) at 18:37 (PP)
8. Calgary Flames , Nic Dowd 1 (Uvis Balinskis 3, Jeremy Lauzon 1) at 18:51

Penalties :
Barrett Hayton (CHI) for Hooking (Minor) at 17:41

Goalie Stats

Anton Forsberg (CGY), 37 saves from 40 shots - (0.925), W, 6-1-0, 60:00 minutes
Filip Gustavsson (CHI), 35 saves from 40 shots - (0.875), L, 4-2-1, 60:00 minutes

Players Stats for Calgary Flames

Player Name              G  A  P  +/- PIM S  H  SB GA TA FO     MP     PP MP  PK MP  
------------------------------------------------------------------------------------
Alec Martinez            0  0  0   0  0   2  0  3  0  1  0/0    24:53   4:05   6:48 
Angus Crookshank         0  0  0   0  2   0  1  0  0  0  0/1    11:07   0:00   0:00 
Ben Meyers               0  1  1   2  0   0  0  0  0  0  0/0     8:20   0:00   0:23 
Bo Horvat                0  1  1  -1  0   3  0  0  1  0  16/27  20:16   3:06   5:36 
Cale Makar               1  0  1   0  0   5  0  2  0  1  0/0    21:37   2:49   5:01 
Chris Kreider            1  1  2   0  0   4  2  1  1  2  0/1    15:57   3:48   0:09 
Drew Doughty             0  0  0   0  4   1  2  2  0  1  0/0    20:34   4:05   2:19 
Filip Hronek             0  0  0   0  2   1  0  1  0  1  0/0    18:26   2:49   1:08 
Jeremy Lauzon            0  1  1   1  0   0  4  2  0  2  0/0    14:11   0:00   0:00 
Joel Eriksson Ek         0  1  1   0  0   4  3  1  0  1  6/17   20:56   3:48   5:25 
Mathieu Joseph           0  0  0   0  0   1  3  0  0  0  0/1    15:29   3:48   0:00 
Matthew Tkachuk          0  0  0   0  2   1  1  0  0  0  2/17   11:33   0:00   0:00 
Nic Dowd                 1  1  2   2  0   4  0  0  0  1  1/3     7:38   0:00   0:00 
Nick Paul                0  0  0   2  0   3  0  0  2  0  1/1     7:38   0:00   0:00 
Pavel Zacha              0  0  0   0  0   1  0  0  0  1  0/0    11:06   0:00   0:00 
Sebastian Aho            1  1  2  -1  0   6  2  1  0  0  0/1    20:13   3:06   5:10 
Uvis Balinskis           0  1  1   1  0   1  1  0  0  0  0/0    20:35   0:00   5:30 
Zach Hyman               1  0  1  -1  2   3  0  0  0  0  2/4    19:02   3:06   4:03 

Players Stats for Chicago Black Hawks

Player Name              G  A  P  +/- PIM S  H  SB GA TA FO     MP     PP MP  PK MP  
------------------------------------------------------------------------------------
Barrett Hayton           0  0  0  -1  2   4  2  0  1  0  18/26  20:47   5:09   2:46 
Bobby Brink              0  0  0  -1  0   4  1  1  0  0  0/0    10:17   0:00   0:00 
Brent Burns              0  1  1   0  2   1  1  1  1  2  0/0    25:50   5:13   2:20 
Brett Howden             1  0  1   2  0   3  1  0  0  0  1/1     9:06   0:00   0:28 
Christopher Tanev        0  0  0   0  0   1  0  0  0  1  0/0    22:00   5:13   3:27 
Eeli Tolvanen            0  0  0  -1  0   0  0  0  0  0  0/0    11:05   0:07   0:00 
Justin Faulk             0  0  0   0  0   1  0  1  1  0  0/0    22:17   5:10   4:02 
Leo Carlsson             1  1  2  -1  0   8  2  0  3  0  14/20  20:03   5:07   3:33 
Lucas Raymond            0  0  0   0  0   4  1  1  0  0  0/0    12:35   0:07   0:00 
Matthew Beniers          0  0  0  -2  0   2  0  0  1  0  6/7    19:02   5:07   3:21 
Morgan Frost             0  1  1   2  0   2  0  0  0  0  2/7    12:49   5:09   0:00 
Noah Dobson              0  0  0   0  0   0  0  1  0  0  0/0    11:26   0:00   0:16 
Oliver Bjorkstrand       1  0  1  -1  0   4  0  1  0  0  3/7    19:57   5:02   3:33 
Ryan Lindgren            0  0  0  -1  4   0  0  0  0  0  0/0    11:11   0:00   0:00 
Ryan Suzuki              0  0  0   2  0   0  1  0  0  0  0/0     8:03   0:00   0:00 
Shane Wright             0  0  0  -1  2   2  0  0  2  0  1/2    10:59   0:12   0:00 
Trevor Zegras            0  0  0   0  0   2  3  0  1  1  0/3    17:51   5:09   0:07 
Zachary Werenski         0  1  1  -2  0   2  0  1  1  0  0/0    27:43   5:10   3:43 

3 Stars

1 - Nic Dowd (CGY)
2 - Chris Kreider (CGY)
3 - Sebastian Aho (CGY)

Power Play

Calgary Flames - 2 on 5 Attempt(s) - 40.00%
Chicago Black Hawks - 1 on 6 Attempt(s) - 16.67%

Penalty Kill

Calgary Flames - 5 on 6 Attempt(s) - 83.33% - Score 0 goal in Penalty Kill
Chicago Black Hawks - 3 on 5 Attempt(s) - 60.00% - Score 0 goal in Penalty Kill

Team Stat

Calgary Flames - Hits : 19 - Faceoff Wins : 28 - Blocked Shots : 13 - Penalty Minutes : 12
Chicago Black Hawks - Hits : 12 - Faceoff Wins : 45 - Blocked Shots : 7 - Penalty Minutes : 10

Official

Referees : Kevin Pollock and Brandon Blandina
Linesman : Devin Berg and Mark Shewchyk

Game Notes

No Game Note

Finance

Level 1 -- Attendance: 5774 (96.23%) -- Ticket Income $577,400
Level 2 -- Attendance: 5000 (100.00%) -- Ticket Income $300,000
Level 3 -- Attendance: 2875 (95.83%) -- Ticket Income $100,625
Level 4 -- Attendance: 5000 (100.00%) -- Ticket Income $125,000
Luxury Box -- Attendance: 1000 (100.00%) -- Ticket Income $200,000
Game was played at the United Center.
Total Attendance: 19649 (98.25%)
Total Ticket Income: $1,303,025
Other Income: $456,059
Total Income: $1,759,084

Calgary Flames

5 vs 5 Forward 
   Center                   Left Wing                Right Wing               Time % Phy DF OF 
 1 Bo Horvat                Sebastian Aho            Zach Hyman               30     1   2  2  
 2 Matthew Tkachuk          Chris Kreider            Mathieu Joseph           30     1   2  2  
 3 Joel Eriksson Ek         Angus Crookshank         Pavel Zacha              25     1   2  2  
 4 Nic Dowd                 Nick Paul                Ben Meyers               15     1   2  2  

5 vs 5 Defense 
   Defense                  Defense                                           Time % Phy DF OF 
 1 Cale Makar               Filip Hronek                                      35     1   2  2  
 2 Jeremy Lauzon            Uvis Balinskis                                    35     1   2  2  
 3 Drew Doughty             Alec Martinez                                     30     1   2  2  
 4 Cale Makar               Filip Hronek                                      0      1   2  2  

PowerPlay Forward 
   Center                   Left Wing                Right Wing               Time % Phy DF OF 
 1 Bo Horvat                Sebastian Aho            Zach Hyman               50     1   2  2  
 2 Joel Eriksson Ek         Chris Kreider            Mathieu Joseph           50     1   2  2  

PowerPlay Defense
   Defense                  Defense                                           Time % Phy DF OF 
 1 Cale Makar               Filip Hronek                                      50     1   2  2  
 2 Drew Doughty             Alec Martinez                                     50     1   2  2  

Penalty Kill 4 Players Forward 
   Center                   Wing                     Time % Phy DF OF 
 1 Bo Horvat                Sebastian Aho            50     1   2  2  
 2 Zach Hyman               Joel Eriksson Ek         50     1   2  2  

Penalty Kill 4 Players Defense
   Defense                  Defense                  Time % Phy DF OF 
 1 Cale Makar               Drew Doughty             50     1   2  2  
 2 Alec Martinez            Uvis Balinskis           50     1   2  2  

Penalty Kill - 3 Players Forward 
   Forward                                           Time % Phy DF OF 
 1 Bo Horvat                                         50     1   2  2  
 2 Sebastian Aho                                     50     1   2  2  

Penalty Kill - 3 Players Defense
   Defense                  Defense                  Time % Phy DF OF 
 1 Cale Makar               Filip Hronek             50     1   2  2  
 2 Alec Martinez            Drew Doughty             50     1   2  2  

4 vs 4 Forward 
   Center                   Wing                     Time % Phy DF OF 
 1 Bo Horvat                Sebastian Aho            50     1   2  2  
 2 Zach Hyman               Joel Eriksson Ek         50     1   2  2  

4 vs 4 Defense
   Defense                  Defense                  Time % Phy DF OF 
 1 Cale Makar               Filip Hronek             50     1   2  2  
 2 Drew Doughty             Alec Martinez            50     1   2  2  

Last Minutes Offensive
   Center                   Left Wing                Right Wing               Defense                  Defense                  
   Bo Horvat                Sebastian Aho            Zach Hyman               Cale Makar               Filip Hronek             

Last Minutes Defensive
   Center                   Left Wing                Right Wing               Defense                  Defense                  
   Bo Horvat                Sebastian Aho            Zach Hyman               Cale Makar               Filip Hronek             

Goaltenders
Starting : Anton Forsberg           
Backup : Ilya Sorokin             

Extra Forwards
Normal : Nic Dowd, Ben Meyers, Sebastian Aho - PP : Nic Dowd, Ben Meyers - PK : Bo Horvat
Extra Defensemen
Normal : Cale Makar, Alec Martinez, Drew Doughty - PP : Cale Makar - PK : Alec Martinez, Cale Makar
Penalty Shots
Bo Horvat, Sebastian Aho, Nic Dowd, Joel Eriksson Ek, Zach Hyman

Scratches
J.T. Miller (Healthy), Kris Letang (Back Spasms Injury), Pheonix Copley (Healthy)

Chicago Black Hawks

5 vs 5 Forward 
   Center                   Left Wing                Right Wing               Time % Phy DF OF 
 1 Leo Carlsson             Eeli Tolvanen            Oliver Bjorkstrand       30     1   2  2  
 2 Barrett Hayton           Lucas Raymond            Trevor Zegras            30     1   2  2  
 3 Matthew Beniers          Shane Wright             Bobby Brink              25     1   2  2  
 4 Morgan Frost             Brett Howden             Ryan Suzuki              15     1   2  2  

5 vs 5 Defense 
   Defense                  Defense                                           Time % Phy DF OF 
 1 Zachary Werenski         Justin Faulk                                      30     1   2  2  
 2 Brent Burns              Christopher Tanev                                 30     1   2  2  
 3 Noah Dobson              Ryan Lindgren                                     25     1   2  2  
 4 Brent Burns              Zachary Werenski                                  15     1   2  2  

PowerPlay Forward 
   Center                   Left Wing                Right Wing               Time % Phy DF OF 
 1 Leo Carlsson             Matthew Beniers          Oliver Bjorkstrand       50     1   2  2  
 2 Barrett Hayton           Morgan Frost             Trevor Zegras            50     1   2  2  

PowerPlay Defense
   Defense                  Defense                                           Time % Phy DF OF 
 1 Zachary Werenski         Justin Faulk                                      50     1   2  2  
 2 Brent Burns              Christopher Tanev                                 50     1   2  2  

Penalty Kill 4 Players Forward 
   Center                   Wing                     Time % Phy DF OF 
 1 Oliver Bjorkstrand       Leo Carlsson             50     1   2  2  
 2 Barrett Hayton           Matthew Beniers          50     1   2  2  

Penalty Kill 4 Players Defense
   Defense                  Defense                  Time % Phy DF OF 
 1 Zachary Werenski         Justin Faulk             50     1   2  2  
 2 Brent Burns              Christopher Tanev        50     1   2  2  

Penalty Kill - 3 Players Forward 
   Forward                                           Time % Phy DF OF 
 1 Barrett Hayton                                    50     1   2  2  
 2 Leo Carlsson                                      50     1   2  2  

Penalty Kill - 3 Players Defense
   Defense                  Defense                  Time % Phy DF OF 
 1 Zachary Werenski         Justin Faulk             50     1   2  2  
 2 Brent Burns              Christopher Tanev        50     1   2  2  

4 vs 4 Forward 
   Center                   Wing                     Time % Phy DF OF 
 1 Oliver Bjorkstrand       Leo Carlsson             50     1   2  2  
 2 Barrett Hayton           Matthew Beniers          50     1   2  2  

4 vs 4 Defense
   Defense                  Defense                  Time % Phy DF OF 
 1 Zachary Werenski         Justin Faulk             50     1   2  2  
 2 Brent Burns              Christopher Tanev        50     1   2  2  

Last Minutes Offensive
   Center                   Left Wing                Right Wing               Defense                  Defense                  
   Leo Carlsson             Eeli Tolvanen            Oliver Bjorkstrand       Zachary Werenski         Justin Faulk             

Last Minutes Defensive
   Center                   Left Wing                Right Wing               Defense                  Defense                  
   Leo Carlsson             Eeli Tolvanen            Oliver Bjorkstrand       Zachary Werenski         Justin Faulk             

Goaltenders
Starting : Filip Gustavsson         
Backup : Adin Hill                

Extra Forwards
Normal : Shane Wright, Morgan Frost, Brett Howden - PP : Shane Wright, Morgan Frost - PK : Brett Howden
Extra Defensemen
Normal : Noah Dobson, Zachary Werenski, Brent Burns - PP : Noah Dobson - PK : Zachary Werenski, Justin Faulk
Penalty Shots
Morgan Frost, Leo Carlsson, Barrett Hayton, Matthew Beniers, Oliver Bjorkstrand

Scratches
Jonas Brodin (Healthy), David Jiricek (Healthy), Simon Nemec (Healthy), Antonio Stranges (Healthy), Noah Cates (Healthy)

% Time on Ice - Calgary Flames

Lines # - Real PCT - Wanted PCT - Time Play
Normal Forward
1 - 28% - 30% - 11:53
2 - 28% - 30% - 12:06
3 - 26% - 25% - 11:06
4 - 18% - 15% - 7:38
Normal Defense
1 - 35% - 35% - 15:03
2 - 37% - 35% - 15:41
3 - 28% - 30% - 11:59
4 - 0% - 0% - 0:00
PP Forward
1 - 45% - 50% - 3:06
2 - 55% - 50% - 3:48
PP Defense
1 - 41% - 50% - 2:49
2 - 59% - 50% - 4:05
PK Forward
1 - 44% - 50% - 4:37
2 - 56% - 50% - 5:46
PK Defense
1 - 51% - 50% - 5:16
2 - 49% - 50% - 5:07
PK3 Forward
1 - 0% - 50%
2 - 0% - 50%
PK3 Defense
1 - 0% - 50%
2 - 0% - 50%
44 Forward
1 - 0% - 50%
2 - 0% - 50%
44 Defense
1 - 0% - 50%
2 - 0% - 50%
Last Minute Offensive  - 0:00
Last Minute Defensive  - 0:00
Total
Forward - 60:00
Defense - 60:00

% Time on Ice - Chicago Black Hawks

Lines # - Real PCT - Wanted PCT - Time Play
Normal Forward
1 - 27% - 30% - 11:30
2 - 30% - 30% - 12:53
3 - 24% - 25% - 10:17
4 - 19% - 15% - 8:03
Normal Defense
1 - 31% - 30% - 13:27
2 - 31% - 30% - 13:20
3 - 25% - 25% - 10:48
4 - 12% - 15% - 5:08
PP Forward
1 - 49% - 50% - 5:07
2 - 51% - 50% - 5:16
PP Defense
1 - 50% - 50% - 5:10
2 - 50% - 50% - 5:13
PK Forward
1 - 51% - 50% - 3:33
2 - 49% - 50% - 3:21
PK Defense
1 - 50% - 50% - 3:27
2 - 50% - 50% - 3:27
PK3 Forward
1 - 0% - 50%
2 - 0% - 50%
PK3 Defense
1 - 0% - 50%
2 - 0% - 50%
44 Forward
1 - 0% - 50%
2 - 0% - 50%
44 Defense
1 - 0% - 50%
2 - 0% - 50%
Last Minute Offensive  - 0:00
Last Minute Defensive  - 0:00
Total
Forward - 60:00
Defense - 60:00

Play-by-Play

1st period


0:01 of 1st period - Leo Carlsson wins face-off versus Bo Horvat in neutral zone.
0:04 of 1st period - Slapshot by Zachary Werenski.
0:04 of 1st period - Shot Blocked by Sebastian Aho.
0:26 of 1st period - Justin Faulk is hit by Joel Eriksson Ek and loses puck.
0:37 of 1st period - Wrist shot by Joel Eriksson Ek.
0:37 of 1st period - Shot Misses the Net.
0:49 of 1st period - Snap shot by Lucas Raymond.
0:49 of 1st period - Shot Blocked by Chris Kreider.
0:51 of 1st period - Snap shot by Barrett Hayton.
0:51 of 1st period - Shot Misses the Net.
0:53 of 1st period - Snap shot by Barrett Hayton.
0:53 of 1st period - Stopped by Anton Forsberg with a rebound.
0:59 of 1st period - Snap shot by Barrett Hayton.
0:59 of 1st period - Stopped by Anton Forsberg without a rebound.
1:00 of 1st period - Nic Dowd wins face-off versus Shane Wright in Calgary Flames zone.
1:13 of 1st period - Wrist shot by Nic Dowd.
1:13 of 1st period - Stopped by Filip Gustavsson without a rebound.
1:14 of 1st period - Morgan Frost wins face-off versus Zach Hyman in Chicago Black Hawks zone.
1:21 of 1st period - Snap shot by Brett Howden.
1:21 of 1st period - Deflect By Sebastian Aho.
1:21 of 1st period - Stopped by Anton Forsberg without a rebound.
1:22 of 1st period - Bo Horvat wins face-off versus Morgan Frost in Calgary Flames zone.
1:47 of 1st period - Wrist shot by Matthew Tkachuk.
1:47 of 1st period - Shot Blocked by Lucas Raymond.
2:13 of 1st period - Wrist shot by Shane Wright.
2:13 of 1st period - Shot Blocked by Alec Martinez.
2:15 of 1st period - Snap shot by Bobby Brink.
2:15 of 1st period - Stopped by Anton Forsberg with a rebound.
2:17 of 1st period - Slapshot by Christopher Tanev.
2:17 of 1st period - Shot Misses the Net.
2:49 of 1st period - Wrist shot by Leo Carlsson.
2:49 of 1st period - Goal by Leo Carlsson - Calgary Flames : 0 - Chicago Black Hawks : 1.
2:50 of 1st period - Matthew Tkachuk wins face-off versus Trevor Zegras in neutral zone.
3:05 of 1st period - Wrist shot by Lucas Raymond.
3:05 of 1st period - Deflect By Trevor Zegras.
3:05 of 1st period - Shot Blocked by Jeremy Lauzon.
3:05 of 1st period - Puck is out of play.
3:06 of 1st period - Matthew Beniers wins face-off versus Joel Eriksson Ek in Calgary Flames zone.
3:07 of 1st period - Wrist shot by Shane Wright.
3:07 of 1st period - Shot Blocked by Cale Makar.
3:13 of 1st period - Wrist shot by Shane Wright.
3:13 of 1st period - Shot Misses the Net.
3:50 of 1st period - Wrist shot by Bo Horvat.
3:50 of 1st period - Stopped by Filip Gustavsson without a rebound.
3:51 of 1st period - Bo Horvat wins face-off versus Morgan Frost in Chicago Black Hawks zone.
3:54 of 1st period - Backhand shot by Bo Horvat.
3:54 of 1st period - Shot Misses the Net.
4:13 of 1st period - Off-side.
4:14 of 1st period - Matthew Beniers wins face-off versus Nic Dowd in neutral zone.
5:03 of 1st period - Angus Crookshank is hit by Barrett Hayton and loses puck.
5:36 of 1st period - Sebastian Aho is hit by Ryan Suzuki and loses puck.
6:15 of 1st period - Snap shot by Morgan Frost.
6:15 of 1st period - Deflect By Brett Howden.
6:15 of 1st period - Goal by Brett Howden - Calgary Flames : 0 - Chicago Black Hawks : 2.
6:16 of 1st period - Barrett Hayton wins face-off versus Matthew Tkachuk in neutral zone.
7:34 of 1st period - Snap shot by Bobby Brink.
7:34 of 1st period - Stopped by Anton Forsberg with a rebound.
8:06 of 1st period - Wrist shot by Pavel Zacha.
8:06 of 1st period - Stopped by Filip Gustavsson with a rebound.
8:29 of 1st period - Minor Penalty to Drew Doughty for Diving.
8:30 of 1st period - Bo Horvat wins face-off versus Leo Carlsson in Calgary Flames zone.
8:46 of 1st period - Slapshot by Leo Carlsson.
8:46 of 1st period - Stopped by Anton Forsberg with a rebound.
10:29 of 1st period - Penalty to Drew Doughty is over, Drew Doughty is back on ice.
10:30 of 1st period - Christopher Tanev is hit by Drew Doughty and loses puck.
12:50 of 1st period - Minor Penalty to Drew Doughty for Cross-checking.
12:51 of 1st period - Bo Horvat wins face-off versus Barrett Hayton in Calgary Flames zone.
13:00 of 1st period - Christopher Tanev is hit by Joel Eriksson Ek.
13:35 of 1st period - Joel Eriksson Ek is hit by Leo Carlsson and loses puck.
13:52 of 1st period - Wrist shot by Matthew Beniers.
13:52 of 1st period - Stopped by Anton Forsberg without a rebound.
13:53 of 1st period - Bo Horvat wins face-off versus Barrett Hayton in Calgary Flames zone.
14:50 of 1st period - Penalty to Drew Doughty is over, Drew Doughty is back on ice.
15:13 of 1st period - Off-side.
15:14 of 1st period - Matthew Tkachuk wins face-off versus Barrett Hayton in neutral zone.
15:33 of 1st period - Brent Burns is hit by Joel Eriksson Ek and loses puck.
15:40 of 1st period - Wrist shot by Joel Eriksson Ek.
15:40 of 1st period - Stopped by Filip Gustavsson with a rebound.
16:00 of 1st period - Snap shot by Leo Carlsson.
16:00 of 1st period - Stopped by Anton Forsberg without a rebound.
16:01 of 1st period - Leo Carlsson wins face-off versus Sebastian Aho in Calgary Flames zone.
16:16 of 1st period - Snap shot by Oliver Bjorkstrand.
16:16 of 1st period - Deflect By Leo Carlsson.
16:16 of 1st period - Stopped by Anton Forsberg with a rebound.
16:26 of 1st period - Barrett Hayton is hit by Matthew Tkachuk and loses puck.
16:35 of 1st period - Chris Kreider is hit by Barrett Hayton and loses puck.
16:45 of 1st period - Minor Penalty to Ryan Lindgren for Slashing.
16:46 of 1st period - Oliver Bjorkstrand wins face-off versus Bo Horvat in Chicago Black Hawks zone.
18:16 of 1st period - Icing by Chris Kreider.
18:17 of 1st period - Joel Eriksson Ek wins face-off versus Barrett Hayton in Calgary Flames zone.
18:45 of 1st period - Penalty to Ryan Lindgren is over, Ryan Lindgren is back on ice.
19:31 of 1st period - Drew Doughty is hit by Trevor Zegras and loses puck.
19:48 of 1st period - Slapshot by Bo Horvat.
19:48 of 1st period - Shot Misses the Net.
19:50 of 1st period - Snap shot by Zach Hyman.
19:50 of 1st period - Stopped by Filip Gustavsson with a rebound.
19:52 of 1st period - Wrist shot by Alec Martinez.
19:52 of 1st period - Stopped by Filip Gustavsson with a rebound.
Goals for this period are 0 for Calgary Flames vs 2 for Chicago Black Hawks.
Shots for this period are 6 for Calgary Flames vs 11 for Chicago Black Hawks.

2nd period


0:01 of 2nd period - Barrett Hayton wins face-off versus Matthew Tkachuk in neutral zone.
0:10 of 2nd period - Wrist shot by Barrett Hayton.
0:10 of 2nd period - Shot Blocked by Drew Doughty.
0:12 of 2nd period - Wrist shot by Trevor Zegras.
0:12 of 2nd period - Stopped by Anton Forsberg with a rebound.
0:14 of 2nd period - Backhand shot by Zachary Werenski.
0:14 of 2nd period - Stopped by Anton Forsberg without a rebound.
0:15 of 2nd period - Leo Carlsson wins face-off versus Joel Eriksson Ek in Calgary Flames zone.
0:24 of 2nd period - Snap shot by Leo Carlsson.
0:24 of 2nd period - Stopped by Anton Forsberg with a rebound.
0:26 of 2nd period - Minor Penalty to Angus Crookshank for Boarding.
0:27 of 2nd period - Barrett Hayton wins face-off versus Bo Horvat in Calgary Flames zone.
0:52 of 2nd period - Uvis Balinskis is hit by Trevor Zegras and loses puck.
0:57 of 2nd period - Snap shot by Barrett Hayton.
0:57 of 2nd period - Shot Misses the Net.
1:17 of 2nd period - Snap shot by Leo Carlsson.
1:17 of 2nd period - Shot Misses the Net.
1:19 of 2nd period - Snap shot by Matthew Beniers.
1:19 of 2nd period - Shot Misses the Net.
1:21 of 2nd period - Snap shot by Leo Carlsson.
1:21 of 2nd period - Stopped by Anton Forsberg with a rebound.
1:23 of 2nd period - Slapshot by Brent Burns.
1:23 of 2nd period - Shot Blocked by Cale Makar.
2:26 of 2nd period - Penalty to Angus Crookshank is over, Angus Crookshank is back on ice.
2:33 of 2nd period - Wrist shot by Brett Howden.
2:33 of 2nd period - Stopped by Anton Forsberg with a rebound.
2:49 of 2nd period - Minor Penalty to Filip Hronek for Holding.
2:50 of 2nd period - Barrett Hayton wins face-off versus Bo Horvat in Calgary Flames zone.
2:59 of 2nd period - Wrist shot by Trevor Zegras.
2:59 of 2nd period - Shot Misses the Net.
3:01 of 2nd period - Snap shot by Brent Burns.
3:01 of 2nd period - Stopped by Anton Forsberg without a rebound.
3:02 of 2nd period - Zach Hyman wins face-off versus Leo Carlsson in Calgary Flames zone.
3:17 of 2nd period - Snap shot by Oliver Bjorkstrand.
3:17 of 2nd period - Goal by Oliver Bjorkstrand - Calgary Flames : 0 - Chicago Black Hawks : 3.
3:18 of 2nd period - Bo Horvat wins face-off versus Trevor Zegras in neutral zone.
3:29 of 2nd period - Wrist shot by Barrett Hayton.
3:29 of 2nd period - Stopped by Anton Forsberg without a rebound.
3:30 of 2nd period - Leo Carlsson wins face-off versus Matthew Tkachuk in Calgary Flames zone.
3:37 of 2nd period - Wrist shot by Oliver Bjorkstrand.
3:37 of 2nd period - Stopped by Anton Forsberg without a rebound.
3:38 of 2nd period - Leo Carlsson wins face-off versus Matthew Tkachuk in Calgary Flames zone.
3:46 of 2nd period - Minor Penalty to Matthew Tkachuk for Hooking.
3:47 of 2nd period - Barrett Hayton wins face-off versus Zach Hyman in Calgary Flames zone.
3:57 of 2nd period - Wrist shot by Barrett Hayton.
3:57 of 2nd period - Shot Misses the Net.
3:59 of 2nd period - Slapshot by Christopher Tanev.
3:59 of 2nd period - Stopped by Anton Forsberg with a rebound.
4:01 of 2nd period - Snap shot by Barrett Hayton.
4:01 of 2nd period - Stopped by Anton Forsberg with a rebound.
4:03 of 2nd period - Snap shot by Morgan Frost.
4:03 of 2nd period - Deflect By Barrett Hayton.
4:03 of 2nd period - Shot Misses the Net.
4:03 of 2nd period - Puck is out of play.
4:04 of 2nd period - Bo Horvat wins face-off versus Leo Carlsson in Calgary Flames zone.
4:30 of 2nd period - Icing by Justin Faulk.
4:31 of 2nd period - Bo Horvat wins face-off versus Morgan Frost in Chicago Black Hawks zone.
5:46 of 2nd period - Penalty to Matthew Tkachuk is over, Matthew Tkachuk is back on ice.
5:58 of 2nd period - Slapshot by Nick Paul.
5:58 of 2nd period - Shot Misses the Net.
6:00 of 2nd period - Minor Penalty to Brent Burns for Roughing.
6:01 of 2nd period - Joel Eriksson Ek wins face-off versus Oliver Bjorkstrand in Chicago Black Hawks zone.
6:02 of 2nd period - Slapshot by Cale Makar.
6:02 of 2nd period - Stopped by Filip Gustavsson without a rebound.
6:03 of 2nd period - Joel Eriksson Ek wins face-off versus Oliver Bjorkstrand in Chicago Black Hawks zone.
6:16 of 2nd period - Slapshot by Joel Eriksson Ek.
6:16 of 2nd period - Stopped by Filip Gustavsson with a rebound.
6:18 of 2nd period - Snap shot by Cale Makar.
6:18 of 2nd period - Stopped by Filip Gustavsson with a rebound.
6:32 of 2nd period - Slapshot by Bo Horvat.
6:32 of 2nd period - Stopped by Filip Gustavsson with a rebound.
6:34 of 2nd period - Snap shot by Sebastian Aho.
6:34 of 2nd period - Stopped by Filip Gustavsson with a rebound.
6:36 of 2nd period - Snap shot by Bo Horvat.
6:36 of 2nd period - Stopped by Filip Gustavsson without a rebound.
6:37 of 2nd period - Barrett Hayton wins face-off versus Joel Eriksson Ek in Chicago Black Hawks zone.
6:37 of 2nd period - Barrett Hayton is hit by Chris Kreider.
6:51 of 2nd period - Snap shot by Matthew Beniers.
6:51 of 2nd period - Shot Misses the Net.
6:53 of 2nd period - Snap shot by Barrett Hayton.
6:53 of 2nd period - Shot Blocked by Alec Martinez.
8:00 of 2nd period - Penalty to Brent Burns is over, Brent Burns is back on ice.
8:19 of 2nd period - Snap shot by Morgan Frost.
8:19 of 2nd period - Shot Blocked by Filip Hronek.
8:21 of 2nd period - Slapshot by Morgan Frost.
8:21 of 2nd period - Deflect By Brett Howden.
8:21 of 2nd period - Shot Misses the Net.
8:21 of 2nd period - Puck is out of play.
8:22 of 2nd period - Joel Eriksson Ek wins face-off versus Barrett Hayton in Calgary Flames zone.
8:49 of 2nd period - Bobby Brink is hit by Mathieu Joseph and loses puck.
9:02 of 2nd period - Minor Penalty to Ryan Lindgren for Tripping.
9:03 of 2nd period - Oliver Bjorkstrand wins face-off versus Bo Horvat in Chicago Black Hawks zone.
9:10 of 2nd period - Snap shot by Bo Horvat.
9:10 of 2nd period - Shot Misses the Net.
9:12 of 2nd period - Slapshot by Cale Makar.
9:12 of 2nd period - Shot Blocked by Brent Burns.
9:14 of 2nd period - Snap shot by Sebastian Aho.
9:14 of 2nd period - Stopped by Filip Gustavsson without a rebound.
9:15 of 2nd period - Barrett Hayton wins face-off versus Joel Eriksson Ek in Chicago Black Hawks zone.
9:24 of 2nd period - Snap shot by Chris Kreider.
9:24 of 2nd period - Shot Blocked by Justin Faulk.
9:26 of 2nd period - Snap shot by Mathieu Joseph.
9:26 of 2nd period - Deflect By Joel Eriksson Ek.
9:26 of 2nd period - Shot Misses the Net.
9:26 of 2nd period - Puck is out of play.
9:27 of 2nd period - Bo Horvat wins face-off versus Oliver Bjorkstrand in Chicago Black Hawks zone.
9:59 of 2nd period - Slapshot by Joel Eriksson Ek.
9:59 of 2nd period - Stopped by Filip Gustavsson without a rebound.
10:00 of 2nd period - Barrett Hayton wins face-off versus Joel Eriksson Ek in Chicago Black Hawks zone.
10:32 of 2nd period - Snap shot by Sebastian Aho.
10:32 of 2nd period - Shot Misses the Net.
10:34 of 2nd period - Slapshot by Cale Makar.
10:34 of 2nd period - Stopped by Filip Gustavsson without a rebound.
10:35 of 2nd period - Barrett Hayton wins face-off versus Bo Horvat in Chicago Black Hawks zone.
11:02 of 2nd period - Penalty to Ryan Lindgren is over, Ryan Lindgren is back on ice.
11:24 of 2nd period - Slapshot by Cale Makar.
11:24 of 2nd period - Deflect By Ryan Lindgren.
11:24 of 2nd period - Goal by Cale Makar - Calgary Flames : 1 - Chicago Black Hawks : 3.
11:25 of 2nd period - Bo Horvat wins face-off versus Leo Carlsson in neutral zone.
12:01 of 2nd period - Wrist shot by Bo Horvat.
12:01 of 2nd period - Shot Misses the Net.
12:03 of 2nd period - Snap shot by Sebastian Aho.
12:03 of 2nd period - Shot Misses the Net.
12:05 of 2nd period - Slapshot by Alec Martinez.
12:05 of 2nd period - Stopped by Filip Gustavsson with a rebound.
12:07 of 2nd period - Snap shot by Drew Doughty.
12:07 of 2nd period - Stopped by Filip Gustavsson with a rebound.
12:09 of 2nd period - Wrist shot by Drew Doughty.
12:09 of 2nd period - Shot Misses the Net.
12:11 of 2nd period - Slapshot by Alec Martinez.
12:11 of 2nd period - Shot Misses the Net.
12:26 of 2nd period - Minor Penalty to Shane Wright for Tripping.
12:27 of 2nd period - Joel Eriksson Ek wins face-off versus Oliver Bjorkstrand in Chicago Black Hawks zone.
12:27 of 2nd period - Wrist shot by Chris Kreider.
12:27 of 2nd period - Goal by Chris Kreider - Calgary Flames : 2 - Chicago Black Hawks : 3.
12:28 of 2nd period - Leo Carlsson wins face-off versus Matthew Tkachuk in neutral zone.
12:36 of 2nd period - Icing by Mathieu Joseph.
12:37 of 2nd period - Leo Carlsson wins face-off versus Matthew Tkachuk in Calgary Flames zone.
13:10 of 2nd period - Slapshot by Chris Kreider.
13:10 of 2nd period - Shot Blocked by Oliver Bjorkstrand.
13:36 of 2nd period - Slapshot by Cale Makar.
13:36 of 2nd period - Shot Misses the Net.
13:57 of 2nd period - Slapshot by Cale Makar.
13:57 of 2nd period - Shot Misses the Net.
14:09 of 2nd period - Wrist shot by Leo Carlsson.
14:09 of 2nd period - Shot Misses the Net.
14:11 of 2nd period - Slapshot by Justin Faulk.
14:11 of 2nd period - Stopped by Anton Forsberg with a rebound.
14:13 of 2nd period - Wrist shot by Oliver Bjorkstrand.
14:13 of 2nd period - Shot Misses the Net.
14:19 of 2nd period - Slapshot by Zachary Werenski.
14:19 of 2nd period - Shot Misses the Net.
14:21 of 2nd period - Slapshot by Zachary Werenski.
14:21 of 2nd period - Stopped by Anton Forsberg without a rebound.
14:22 of 2nd period - Barrett Hayton wins face-off versus Joel Eriksson Ek in Calgary Flames zone.
14:23 of 2nd period - Snap shot by Lucas Raymond.
14:23 of 2nd period - Stopped by Anton Forsberg with a rebound.
14:25 of 2nd period - Snap shot by Barrett Hayton.
14:25 of 2nd period - Shot Blocked by Alec Martinez.
14:27 of 2nd period - Slapshot by Brent Burns.
14:27 of 2nd period - Shot Misses the Net.
14:29 of 2nd period - Snap shot by Brent Burns.
14:29 of 2nd period - Shot Misses the Net.
14:31 of 2nd period - Snap shot by Lucas Raymond.
14:31 of 2nd period - Shot Misses the Net.
14:33 of 2nd period - Slapshot by Brent Burns.
14:33 of 2nd period - Shot Misses the Net.
14:47 of 2nd period - Alec Martinez is hit by Bobby Brink.
15:07 of 2nd period - Morgan Frost is hit by Jeremy Lauzon and loses puck.
15:30 of 2nd period - Lucas Raymond is hit by Jeremy Lauzon and loses puck.
15:47 of 2nd period - Snap shot by Shane Wright.
15:47 of 2nd period - Deflect By Bobby Brink.
15:47 of 2nd period - Stopped by Anton Forsberg without a rebound.
15:48 of 2nd period - Shane Wright wins face-off versus Bo Horvat in Calgary Flames zone.
15:49 of 2nd period - Wrist shot by Bobby Brink.
15:49 of 2nd period - Shot Blocked by Jeremy Lauzon.
17:31 of 2nd period - Slapshot by Uvis Balinskis.
17:31 of 2nd period - Stopped by Filip Gustavsson without a rebound.
17:32 of 2nd period - Zach Hyman wins face-off versus Morgan Frost in Chicago Black Hawks zone.
18:13 of 2nd period - Pavel Zacha is hit by Trevor Zegras and loses puck.
18:24 of 2nd period - Ryan Lindgren is hit by Chris Kreider and loses puck.
18:54 of 2nd period - Alec Martinez is hit by Brett Howden and loses puck.
19:17 of 2nd period - Snap shot by Nic Dowd.
19:17 of 2nd period - Stopped by Filip Gustavsson with a rebound.
19:19 of 2nd period - Wrist shot by Nick Paul.
19:19 of 2nd period - Shot Misses the Net.
19:21 of 2nd period - Wrist shot by Nick Paul.
19:21 of 2nd period - Stopped by Filip Gustavsson without a rebound.
19:22 of 2nd period - Leo Carlsson wins face-off versus Angus Crookshank in Chicago Black Hawks zone.
19:37 of 2nd period - Slapshot by Oliver Bjorkstrand.
19:37 of 2nd period - Stopped by Anton Forsberg without a rebound.
19:38 of 2nd period - Barrett Hayton wins face-off versus Bo Horvat in Calgary Flames zone.
19:42 of 2nd period - Minor Penalty to Zach Hyman for Roughing.
19:43 of 2nd period - Bo Horvat wins face-off versus Leo Carlsson in Calgary Flames zone.
Goals for this period are 2 for Calgary Flames vs 1 for Chicago Black Hawks.
Shots for this period are 16 for Calgary Flames vs 16 for Chicago Black Hawks.

3rd period


0:01 of 3rd period - Barrett Hayton wins face-off versus Bo Horvat in neutral zone.
0:12 of 3rd period - Snap shot by Morgan Frost.
0:12 of 3rd period - Deflect By Trevor Zegras.
0:12 of 3rd period - Stopped by Anton Forsberg with a rebound.
0:14 of 3rd period - Wrist shot by Morgan Frost.
0:14 of 3rd period - Stopped by Anton Forsberg without a rebound.
0:15 of 3rd period - Bo Horvat wins face-off versus Leo Carlsson in Calgary Flames zone.
1:41 of 3rd period - Leo Carlsson is hit by Sebastian Aho and loses puck.
1:42 of 3rd period - Penalty to Zach Hyman is over, Zach Hyman is back on ice.
2:14 of 3rd period - Snap shot by Matthew Tkachuk.
2:14 of 3rd period - Stopped by Filip Gustavsson without a rebound.
2:15 of 3rd period - Barrett Hayton wins face-off versus Matthew Tkachuk in Chicago Black Hawks zone.
3:23 of 3rd period - Slapshot by Bobby Brink.
3:23 of 3rd period - Shot Misses the Net.
3:35 of 3rd period - Joel Eriksson Ek is hit by Lucas Raymond and loses puck.
4:05 of 3rd period - Icing by Leo Carlsson.
4:06 of 3rd period - Leo Carlsson wins face-off versus Matthew Tkachuk in Chicago Black Hawks zone.
4:06 of 3rd period - Leo Carlsson is hit by Mathieu Joseph.
4:11 of 3rd period - Off-side.
4:12 of 3rd period - Barrett Hayton wins face-off versus Matthew Tkachuk in neutral zone.
4:39 of 3rd period - Oliver Bjorkstrand is hit by Sebastian Aho and loses puck.
5:08 of 3rd period - Snap shot by Shane Wright.
5:08 of 3rd period - Stopped by Anton Forsberg with a rebound.
6:12 of 3rd period - Wrist shot by Matthew Beniers.
6:12 of 3rd period - Shot Blocked by Drew Doughty.
6:14 of 3rd period - Snap shot by Bobby Brink.
6:14 of 3rd period - Stopped by Anton Forsberg without a rebound.
6:15 of 3rd period - Bo Horvat wins face-off versus Barrett Hayton in Calgary Flames zone.
6:20 of 3rd period - Snap shot by Cale Makar.
6:20 of 3rd period - Shot Blocked by Noah Dobson.
6:22 of 3rd period - Slapshot by Cale Makar.
6:22 of 3rd period - Shot Misses the Net.
6:44 of 3rd period - Snap shot by Pavel Zacha.
6:44 of 3rd period - Deflect By Joel Eriksson Ek.
6:44 of 3rd period - Stopped by Filip Gustavsson without a rebound.
6:45 of 3rd period - Leo Carlsson wins face-off versus Joel Eriksson Ek in Chicago Black Hawks zone.
6:56 of 3rd period - Slapshot by Leo Carlsson.
6:56 of 3rd period - Stopped by Anton Forsberg without a rebound.
6:57 of 3rd period - Bo Horvat wins face-off versus Barrett Hayton in Calgary Flames zone.
7:08 of 3rd period - Slapshot by Sebastian Aho.
7:08 of 3rd period - Shot Misses the Net.
7:22 of 3rd period - Ryan Lindgren is hit by Drew Doughty and loses puck.
7:46 of 3rd period - Slapshot by Mathieu Joseph.
7:46 of 3rd period - Shot Misses the Net.
7:48 of 3rd period - Slapshot by Chris Kreider.
7:48 of 3rd period - Stopped by Filip Gustavsson without a rebound.
7:49 of 3rd period - Bo Horvat wins face-off versus Trevor Zegras in Chicago Black Hawks zone.
7:50 of 3rd period - Snap shot by Sebastian Aho.
7:50 of 3rd period - Stopped by Filip Gustavsson without a rebound.
7:51 of 3rd period - Bo Horvat wins face-off versus Barrett Hayton in Chicago Black Hawks zone.
7:56 of 3rd period - Wrist shot by Sebastian Aho.
7:56 of 3rd period - Stopped by Filip Gustavsson with a rebound.
7:58 of 3rd period - Slapshot by Filip Hronek.
7:58 of 3rd period - Shot Misses the Net.
8:00 of 3rd period - Slapshot by Cale Makar.
8:00 of 3rd period - Deflect By Zach Hyman.
8:00 of 3rd period - Stopped by Filip Gustavsson without a rebound.
8:01 of 3rd period - Barrett Hayton wins face-off versus Bo Horvat in Chicago Black Hawks zone.
8:09 of 3rd period - Icing by Trevor Zegras.
8:10 of 3rd period - Barrett Hayton wins face-off versus Bo Horvat in Chicago Black Hawks zone.
8:17 of 3rd period - Snap shot by Trevor Zegras.
8:17 of 3rd period - Deflect By Lucas Raymond.
8:17 of 3rd period - Stopped by Anton Forsberg with a rebound.
8:19 of 3rd period - Snap shot by Brent Burns.
8:19 of 3rd period - Shot Misses the Net.
8:45 of 3rd period - Slapshot by Cale Makar.
8:45 of 3rd period - Deflect By Sebastian Aho.
8:45 of 3rd period - Stopped by Filip Gustavsson without a rebound.
8:46 of 3rd period - Leo Carlsson wins face-off versus Mathieu Joseph in Chicago Black Hawks zone.
8:46 of 3rd period - Leo Carlsson is hit by Jeremy Lauzon.
8:52 of 3rd period - Wrist shot by Oliver Bjorkstrand.
8:52 of 3rd period - Stopped by Anton Forsberg without a rebound.
8:53 of 3rd period - Leo Carlsson wins face-off versus Matthew Tkachuk in Calgary Flames zone.
8:58 of 3rd period - Snap shot by Oliver Bjorkstrand.
8:58 of 3rd period - Deflect By Leo Carlsson.
8:58 of 3rd period - Deflect By Matthew Tkachuk.
8:58 of 3rd period - Stopped by Anton Forsberg without a rebound.
8:59 of 3rd period - Barrett Hayton wins face-off versus Joel Eriksson Ek in Calgary Flames zone.
9:02 of 3rd period - Snap shot by Lucas Raymond.
9:02 of 3rd period - Stopped by Anton Forsberg without a rebound.
9:03 of 3rd period - Barrett Hayton wins face-off versus Joel Eriksson Ek in Calgary Flames zone.
9:19 of 3rd period - Snap shot by Lucas Raymond.
9:19 of 3rd period - Stopped by Anton Forsberg with a rebound.
9:47 of 3rd period - Off-side.
9:48 of 3rd period - Leo Carlsson wins face-off versus Matthew Tkachuk in neutral zone.
9:56 of 3rd period - Slapshot by Cale Makar.
9:56 of 3rd period - Stopped by Filip Gustavsson with a rebound.
9:58 of 3rd period - Slapshot by Mathieu Joseph.
9:58 of 3rd period - Stopped by Filip Gustavsson without a rebound.
9:59 of 3rd period - Leo Carlsson wins face-off versus Matthew Tkachuk in Chicago Black Hawks zone.
11:46 of 3rd period - Lucas Raymond is hit by Angus Crookshank.
12:20 of 3rd period - Slapshot by Joel Eriksson Ek.
12:20 of 3rd period - Shot Misses the Net.
12:30 of 3rd period - Off-side.
12:31 of 3rd period - Oliver Bjorkstrand wins face-off versus Matthew Tkachuk in neutral zone.
13:19 of 3rd period - Slapshot by Nic Dowd.
13:19 of 3rd period - Stopped by Filip Gustavsson without a rebound.
13:20 of 3rd period - Nick Paul wins face-off versus Morgan Frost in Chicago Black Hawks zone.
13:23 of 3rd period - Slapshot by Nick Paul.
13:23 of 3rd period - Deflect By Morgan Frost.
13:23 of 3rd period - Shot Misses the Net.
13:23 of 3rd period - Puck is out of play.
13:24 of 3rd period - Morgan Frost wins face-off versus Matthew Tkachuk in Chicago Black Hawks zone.
13:29 of 3rd period - Wrist shot by Morgan Frost.
13:29 of 3rd period - Stopped by Anton Forsberg with a rebound.
14:15 of 3rd period - Wrist shot by Matthew Beniers.
14:15 of 3rd period - Stopped by Anton Forsberg without a rebound.
14:16 of 3rd period - Matthew Beniers wins face-off versus Matthew Tkachuk in Calgary Flames zone.
14:41 of 3rd period - Oliver Bjorkstrand is hit by Uvis Balinskis and loses puck.
15:06 of 3rd period - Snap shot by Lucas Raymond.
15:06 of 3rd period - Shot Misses the Net.
15:37 of 3rd period - Slapshot by Nick Paul.
15:37 of 3rd period - Stopped by Filip Gustavsson with a rebound.
15:39 of 3rd period - Backhand shot by Nick Paul.
15:39 of 3rd period - Stopped by Filip Gustavsson with a rebound.
16:19 of 3rd period - Slapshot by Zach Hyman.
16:19 of 3rd period - Goal by Zach Hyman - Calgary Flames : 3 - Chicago Black Hawks : 3.
16:20 of 3rd period - Matthew Beniers wins face-off versus Joel Eriksson Ek in neutral zone.
16:23 of 3rd period - Slapshot by Shane Wright.
16:23 of 3rd period - Shot Misses the Net.
16:46 of 3rd period - Morgan Frost is hit by Jeremy Lauzon and loses puck.
16:51 of 3rd period - Snap shot by Nick Paul.
16:51 of 3rd period - Shot Misses the Net.
16:53 of 3rd period - Slapshot by Filip Hronek.
16:53 of 3rd period - Stopped by Filip Gustavsson with a rebound.
17:27 of 3rd period - Wrist shot by Chris Kreider.
17:27 of 3rd period - Stopped by Filip Gustavsson with a rebound.
17:29 of 3rd period - Wrist shot by Chris Kreider.
17:29 of 3rd period - Stopped by Filip Gustavsson with a rebound.
17:41 of 3rd period - Minor Penalty to Barrett Hayton for Hooking.
17:42 of 3rd period - Brett Howden wins face-off versus Chris Kreider in Chicago Black Hawks zone.
17:42 of 3rd period - Brett Howden is hit by Mathieu Joseph.
18:02 of 3rd period - Alec Martinez is hit by Leo Carlsson and loses puck.
18:37 of 3rd period - Backhand shot by Sebastian Aho.
18:37 of 3rd period - Goal by Sebastian Aho - Calgary Flames : 4 - Chicago Black Hawks : 3.
18:38 of 3rd period - Matthew Beniers wins face-off versus Nic Dowd in neutral zone.
18:47 of 3rd period - Snap shot by Jeremy Lauzon.
18:47 of 3rd period - Shot Blocked by Bobby Brink.
18:49 of 3rd period - Slapshot by Uvis Balinskis.
18:49 of 3rd period - Shot Blocked by Zachary Werenski.
18:51 of 3rd period - Snap shot by Nic Dowd.
18:51 of 3rd period - Goal by Nic Dowd - Calgary Flames : 5 - Chicago Black Hawks : 3.
18:52 of 3rd period - Matthew Beniers wins face-off versus Joel Eriksson Ek in neutral zone.
19:01 of 3rd period - Wrist shot by Shane Wright.
19:01 of 3rd period - Stopped by Anton Forsberg with a rebound.
19:03 of 3rd period - Slapshot by Brent Burns.
19:03 of 3rd period - Deflect By Matthew Beniers.
19:03 of 3rd period - Shot Blocked by Joel Eriksson Ek.
19:03 of 3rd period - Puck is out of play.
19:04 of 3rd period - Joel Eriksson Ek wins face-off versus Matthew Beniers in Calgary Flames zone.
19:04 of 3rd period - Joel Eriksson Ek is hit by Brent Burns.
19:18 of 3rd period - Snap shot by Pavel Zacha.
19:18 of 3rd period - Shot Misses the Net.
19:54 of 3rd period - Wrist shot by Chris Kreider.
19:54 of 3rd period - Shot Misses the Net.
Goals for this period are 3 for Calgary Flames vs 0 for Chicago Black Hawks.
Shots for this period are 18 for Calgary Flames vs 13 for Chicago Black Hawks.